 Dungeon Crawl Stone Soup version 0.27-a0-1291-geefcff550b (webtiles) character file.

Game seed: 14038447493704171786

138 bilbop the Bolt Thrower (level 5, -6/32 HPs)
             Began as a Kobold Hunter on June 16, 2021.
             Killed from afar by Sigmund (9 damage)
             ... with a puff of flame
             ... on level 3 of the Dungeon.
             The game lasted 00:11:11 (2095 turns).

bilbop the Bolt Thrower (Kobold Hunter)             Turns: 2095, Time: 00:11:12

Health: -6/32      AC:  6    Str: 11    XL:     5   Next: 45%
Magic:  5/5        EV: 14    Int: 12    God:
Gold:   105        SH:  5    Dex: 15    Spells: 4/4 levels left

rFire    . . .     SeeInvis .   b - +0 dagger
rCold    . . .     Faith    .   l - +0 buckler
rNeg     . . .     Spirit   .   c - +0 leather armour
rPois    .         Reflect  .   i - +1 helmet
rElec    .         Harm     .   n - +0 cloak
rCorr    .         Rampage  .   (no gloves)
Will     .....                  (no boots)
Stlth    +++.......             f - amulet of magic regeneration
HPRegen  0.10/turn              (no ring)
MPRegen  0.34/turn              (no ring)

@: no status effects
A: small, no large weapons, nightstalker 3
a: no special abilities


You were on level 3 of the Dungeon.
You visited 1 branch of the dungeon, and saw 3 of its levels.

You collected 105 gold pieces.

Inventory:

Hand Weapons
 a - a +1 hand crossbow
 b - a +0 dagger (weapon)
 k - a +0 short sword
Missiles
 d - 81 bolts
 r - 3 curare-tipped darts
Armour
 c - a +0 leather armour (worn)
 i - a +1 helmet (worn)
 l - a +0 buckler (worn)
 n - a +0 cloak (worn)
Jewellery
 f - an amulet of magic regeneration (around neck)
Scrolls
 e - a scroll of holy word {unknown}
 h - a scroll of teleportation {unknown}
 o - a scroll of magic mapping {unknown}
 s - a scroll of amnesia {unknown}
Potions
 g - a potion of heal wounds {unknown}
 j - a potion of resistance {unknown}
 m - a potion of degeneration {unknown}
 p - a potion of brilliance {unknown}
 q - a potion of invisibility {unknown}
 t - a potion of attraction {unknown}


   Skills:
 * Level 3.6 Fighting
 + Level 2.1 Short Blades
 + Level 5.3 Crossbows
 + Level 3.1 Dodging
 + Level 2.8 Stealth
 + Level 1.1 Shields


You had 4 spell levels left.
You didn't know any spells.
Your spell library was empty.

Dungeon Overview and Level Annotations

Branches:
Dungeon (3/15)

Altars:
Ashenzari

Annotations:
D:3 Sigmund


Innate Abilities, Weirdness & Mutations

You are small and have problems with some larger weapons.
You are completely attuned to the shadows.


Message History

Sigmund is severely wounded.
Sigmund closely misses you.
You hit Sigmund but do no damage.
Sigmund is severely wounded.
Sigmund casts a spell at you.
You are confused.
You hit Sigmund but do no damage.
Sigmund is severely wounded.
Sigmund gestures wildly while chanting.
Sigmund flickers and vanishes!
Deactivating autopickup; reactivate with Ctrl-A.
You bump into the rock wall.
Something barely misses you.
You bump into the rock wall.
Something barely misses you.
You miss something.
You hear some strange, mumbled words.
A puff of flame appears from out of thin air!
The puff of flame hits you.
You bump into the rock wall.
Something hits you!
You miss something.
You hear some strange, mumbled words.
Something tries to affect you, but you resist.
You miss something.
You feel less confused. Something hits you!
* * * LOW HITPOINT WARNING * * *
You hit something.
You hear some strange, mumbled words.
Something tries to affect you, but you resist.
You miss something. Something hits you.
* * * LOW HITPOINT WARNING * * *
You barely miss something.
You hear some strange, mumbled words.
A magic dart appears from out of thin air!
The magic dart hits you.
* * * LOW HITPOINT WARNING * * *
You hit something.
You hear some strange, mumbled words.
A puff of flame appears from out of thin air!
The puff of flame hits you!
You die...

.#.# .#.#
.#.####
......#.#
.####.#.# .#
#.#.# ## #.#.# #
#.#.##########.#
#...........@{.#
##############.#
#


There were no monsters in sight!

Vanquished Creatures
  Jessica (D:2)
  4 adders (D:2)
  A worm (D:2)
  A dart slug (D:1)
  7 bats
  9 endoplasms
  6 giant cockroaches
  6 goblins
  7 hobgoblins
  4 jackals (D:1)
  4 quokkas
  3 ball pythons
  5 frilled lizards
  3 kobolds
  3 rats
64 creatures vanquished.

Notes
Turn   | Place    | Note
-------+----------+-------------------------------------------
     0 | D:1      | bilbop the Kobold Hunter began the quest for the Orb.
     0 | D:1      | Reached XP level 1. HP: 12/12 MP: 1/1
    64 | D:1      | Reached XP level 2. HP: 13/18 MP: 2/2
   277 | D:1      | Reached skill level 1 in Short Blades
   277 | D:1      | Reached skill level 5 in Crossbows
   363 | D:1      | Reached XP level 3. HP: 22/22 MP: 3/3
   576 | D:1      | Found a faded altar of an unknown god.
  1139 | D:2      | Reached XP level 4. HP: 28/28 MP: 4/4
  1268 | D:2      | Found a broken altar of Ashenzari.
  1447 | D:2      | Noticed Jessica
  1457 | D:2      | Killed Jessica
  1592 | D:2      | Reached XP level 5. HP: 32/32 MP: 5/5
  1655 | D:2      | Reached skill level 1 in Shields
  2074 | D:3      | Noticed Sigmund
  2095 | D:3      | Killed from afar by Sigmund

Illustrated notes

Levels and vault maps discovered:
D:1:      dpeg_arrival_tiny_c, layout_basic,
          hellmonk_ecumenical_altar_pennies_from_heaven
D:2:      layout_basic, basic_altar, minivault_25, uniq_jessica
D:3:      layout_basic, hex_large, chequers_serial_rivers_micro_c,
          grunt_ministairs_7, eino_curves_01, uniq_ijyb, uniq_sigmund

Skill      XL: |  1  2  3  4  5 |
---------------+----------------+-----
Short Blades   | 1 2 |  2.1
Crossbows      | 5 |  5.3
Stealth        | 2 |  2.8
Fighting       | 3 |  3.6
Dodging        | 3 |  3.1
Shields        | 1 |  1.1

Action                   |  1- 3 |  4- 6 || total
-------------------------+-------+-------++-------
Melee: Short sword       |    23 |       ||    23
       Dagger            |    30 |    58 ||    88
 Fire: Hand crossbow     |    50 |    55 ||   105
 Stab: Sleeping          |       |     1 ||     1
Armor: Leather armour    |    32 |    17 ||    49
Dodge: Dodged            |    83 |    44 ||   127
Block: Buckler           |    19 |     6 ||    25

Table legend: (Time is in decaauts)
 A = Elapsed time spent in this place.
 B = Non-inter-level travel time spent in this place.
 C = Inter-level travel time spent in this place.
 D = Time resting spent in this place.
 E = Time spent auto-exploring this place.
 F = Levels seen in this place.
 G = Mean time per level.
                   A        B        C        D        E       F      G
               +--------+--------+--------+--------+--------+-----+--------+
         Total |   2120 |   2097 |     23 |    239 |   1430 |   3 |  706.7 |
       Dungeon |   2120 |   2097 |     23 |    239 |   1430 |   3 |  706.7 |
               +--------+--------+--------+--------+--------+-----+--------+

Top non-repeatable levels by time:
     D:1: 1124 daAuts
     D:2: 816 daAuts
     D:3: 178 daAuts
